 Dungeon Crawl Stone Soup version 0.28.0-53-g5a82cb258f (webtiles) character file.

Game seed: 1617905941572523226

198 raph the Chucker (level 5, -5/50 HPs)
             Began as a Troll Hunter on July 12, 2022.
             Blown up by Ijyb (20 damage)
             ... with a mindburst bolt
             ... on level 3 of the Dungeon.
             The game lasted 00:03:52 (2109 turns).

raph the Chucker (Troll Hunter)                     Turns: 2109, Time: 00:03:52

Health: -5/50      AC:  4    Str: 20    XL:     5   Next: 47%
Magic:  4/4        EV: 10    Int: 13    God:
Gold:   27         SH:  0    Dex: 12    Spells: 1/4 levels left

rFire   . . .      SeeInvis .     - Unarmed
rCold   . . .      Faith    .   (no shield)
rNeg    . . .      Spirit   .   b - +0 robe
rPois   .          Reflect  .   (helmet restricted)
rElec   .          Harm     .   (no cloak)
rCorr   .          Rampage  .   (gloves unavailable)
Will    .....                   (boots unavailable)
Stlth   +.........              (no amulet)
HPRegen 0.96/turn               a - ring of wizardry
MPRegen 0.09/turn               k - +6 ring of intelligence

@: no status effects
A: large, unfitting armour, claws 3, regeneration 1, shaggy fur 1, tough skin 1
a: no special abilities


You were on level 3 of the Dungeon.
You visited 1 branch of the dungeon, and saw 3 of its levels.

You collected 104 gold pieces.
You spent 77 gold pieces at shops.

Inventory:

Missiles
 c - 3 large rocks (quivered)
 d - 2 throwing nets
 g - 8 poisoned darts
Armour
 b - a +0 robe (worn)
Jewellery
 a - a ring of wizardry (left claw)
 k - a +6 ring of intelligence (right claw)
Scrolls
 m - 2 scrolls of identify
 n - a scroll of teleportation
Potions
 e - 2 potions of brilliance {unknown}
 f - a potion of flight
 h - a potion of heal wounds {unknown}
 i - 2 potions of might {unknown}
 j - a potion of resistance {unknown}
 l - a potion of curing {unknown}


   Skills:
 + Level 2.7 Fighting
 + Level 4.4 Throwing
 + Level 2.6 Dodging
 - Level 0.3 Stealth
 + Level 2.4 Unarmed Combat


You had one spell level left.
You knew the following spells:

 Your Spells              Type           Power      Damage    Failure   Level
a - Dazzling Flash        Conj/Hex       0%         N/A       34%         3

Your spell library contained the following spells:

 Spells                   Type           Power      Damage    Failure   Level
 Agony                    Necr           0%         N/A       96%         5
 Silence                  Hex/Air        0%         N/A       96%         5


Dungeon Overview and Level Annotations

Branches:
Dungeon (3/15)

Altars:
Trog

Shops:
D:3 ?

Annotations:
D:3 Ijyb


Innate Abilities, Weirdness & Mutations

You are too large for most types of armour.
You have claws for hands.
Your natural rate of healing is unusually fast.
You are covered in fur. (AC +1)
You have tough skin. (AC +1)


Message History

You closely miss Ijyb.
Ijyb is moderately wounded.
Ijyb hits you with a +0 dagger.
You scratch Ijyb.
Ijyb is heavily wounded.
Ijyb hits you with a +0 dagger.
You are too injured to fight recklessly!
You barely miss Ijyb.
Ijyb is heavily wounded.
Ijyb grins evilly.
Ijyb zaps a wand.
Your mind is blasted!
You scratch Ijyb but do no damage.
Ijyb is heavily wounded.
Ijyb hits you with a +0 dagger.
* * * LOW HITPOINT WARNING * * *
Okay, then.
Throw: 4 large rocks
Press: ? - help, Q - select action, (/) - cycle Shift-Dir - straight line, f - Ijyb
Aim: Ijyb, wielding a +0 dagger, wearing a +0 leather armour and carrying a wand of mindburst (12) (heavily wounded, 53% to hit)
You throw a large rock. The large rock barely misses Ijyb.
Ijyb hits you with a +0 dagger.
* * * LOW HITPOINT WARNING * * *
Ijyb hits you but does no damage.
You barely miss Ijyb.
Ijyb is heavily wounded.
Ijyb hits you but does no damage.
You closely miss Ijyb.
Ijyb is heavily wounded.
Ijyb hits you with a +0 dagger.
* * * LOW HITPOINT WARNING * * *
You barely miss Ijyb. You claw Ijyb, but do no damage.
Ijyb is heavily wounded.
You miss Ijyb.
Ijyb is heavily wounded.
Ijyb hits you with a +0 dagger.
* * * LOW HITPOINT WARNING * * *
Ijyb zaps a wand.
You barely resist.
Ijyb zaps a wand.
You barely resist.
Ijyb zaps a wand.
Your mind is blasted!
You die...

#..# #..######.#|.......
...# ##.# #.#........
.#.########.##
#.#........
...##........#
#.#........
..###........#
#.#........ ..#
#........## #.g........
..#
#.........####.###...###
#.........#..........(.#
#.......#.#.@#########.#
#.......#.#..# #
#.......#..###
##......#.# ...........#
#####......# #.######
##.⌠.... #....^..
##.....# #...####
##..#.# ##


You could see Ijyb.

Vanquished Creatures
  An orc wizard (D:3)
  Robin (D:2)
  4 gnolls (D:2)
  4 adders
  2 worms
  2 dart slugs (D:1)
  4 orcs (D:3)
  4 bats (D:2)
  12 endoplasms
  A giant cockroach (D:1)
  7 goblins
  8 hobgoblins
  9 kobolds
  4 quokkas
  5 ball pythons
  A frilled lizard (D:2)
  4 rats
73 creatures vanquished.

Notes
Turn   | Place    | Note
-------+----------+-------------------------------------------
     0 | D:1      | raph the Troll Hunter began the quest for the Orb.
     0 | D:1      | Reached XP level 1. HP: 19/19 MP: 0/0
   205 | D:1      | Reached XP level 2. HP: 28/28 MP: 1/1
   244 | D:1      | Found a faded altar of an unknown god.
   381 | D:1      | Reached skill level 1 in Unarmed Combat
   562 | D:1      | Reached XP level 3. HP: 35/35 MP: 2/2
   874 | D:2      | Reached skill level 4 in Throwing
   889 | D:2      | Reached XP level 4. HP: 21/42 MP: 3/3
  1050 | D:2      | Noticed Robin
  1068 | D:2      | Killed Robin
  1433 | D:2      | Reached XP level 5. HP: 50/50 MP: 4/4
  1704 | D:2      | Learned a level 3 spell: Dazzling Flash
  1932 | D:3      | Found a bloodstained altar of Trog.
  2064 | D:3      | Found Medaoch's Magic Scroll Shop.
  2071 | D:3      | Bought a scroll of identify for 22 gold pieces
  2071 | D:3      | Bought a scroll of identify for 22 gold pieces
  2071 | D:3      | Bought a scroll of teleportation for 33 gold pieces
  2089 | D:3      | Noticed Ijyb
  2109 | D:3      | Blown up by Ijyb

Illustrated notes

Levels and vault maps discovered:
D:1:      heliophobic_arrival_dark_side_of_the_moon, layout_basic,
          chequers_ecumenical_altar_simple
D:2:      layout_basic, uniq_robin
D:3:      layout_basic, nicolae_overflow_ecumenical_swirl,
          mainiacjoe_overflow_six_doors_small, ebering_ghost_rock_garden,
          serial_shops, shop, minmay_misc_feat_chi, uniq_ijyb

Skill      XL: |  1  2  3  4 |
---------------+-------------+-----
Unarmed Combat | 1 2 |  2.4
Dodging        | 2 |  2.6
Fighting       | 2 |  2.7
Throwing       | 4 |  4.4
Stealth        | |  0.3

Action                   |  1- 3 |  4- 6 || total
-------------------------+-------+-------++-------
Melee: Unarmed           |    71 |   143 ||   214
       Punch             |     1 |     2 ||     3
Throw: Large rock        |     5 |     1 ||     6
  Use: Scroll            |     3 |       ||     3
 Stab: Sleeping          |     1 |     1 ||     2
Armor: Robe              |    20 |    50 ||    70
Dodge: Dodged            |    26 |    82 ||   108
